 Dungeon Crawl Stone Soup version 0.27-a0-1196-g3e9cee4cb2 (webtiles) character file.

Game seed: 8189363268100695355

852 Delamore the Basher (level 8, -3/49 HPs)
             Began as a Gargoyle Fighter on May 28, 2021.
             Was a Follower of Okawaru.
             Killed from afar by a steam dragon (10 damage)
             ... with a ball of steam
             ... on level 5 of the Dungeon.
             The game lasted 00:07:03 (6961 turns).

Delamore the Basher (Gargoyle Fighter)              Turns: 6961, Time: 00:07:03

Health: -3/49      AC: 12    Str: 22    XL:     8   Next: 1%
Magic:  8/8        EV:  7    Int: 15    God:    Okawaru [*.....]
Gold:   177        SH:  9    Dex:  9    Spells: 7/7 levels left

rFire    . . .     SeeInvis .   t - +1 whip (drain)
rCold    . . .     Faith    .   c - +0 kite shield
rNeg     + . .     Spirit   .   b - +0 scale mail
rPois    ∞         Reflect  .   (no helmet)
rElec    +         Harm     .   (no cloak)
rCorr    .         Rampage  .   (no gloves)
Will     .....                  (no boots)
Stlth    ..........             (no amulet)
HPRegen  0.16/turn              n - +6 ring of intelligence
MPRegen  0.11/turn              g - ring of wizardry

@: no status effects
A: sickness immunity, AC +5, negative energy resistance 1, electricity
resistance, torment resistance 1, petrification resistance
a: Renounce Religion, Heroism


You were on level 5 of the Dungeon.
You worshipped Okawaru.
Okawaru was aware of your devotion.
You visited 2 branches of the dungeon, and saw 6 of its levels.
You also visited: Sewer.

You collected 177 gold pieces.

Inventory:

Hand Weapons
 a - a +0 flail
 o - a +0 morningstar
 t - a +1 whip of draining (weapon)
Missiles
 h - 57 poisoned darts (quivered)
 s - 7 curare-tipped darts
Armour
 b - a +0 scale mail (worn)
 c - a +0 kite shield (worn)
Jewellery
 g - a ring of wizardry (right hand)
 n - a +6 ring of intelligence (left hand)
Scrolls
 e - a scroll of enchant weapon
 f - a scroll of fog
 j - a scroll of brand weapon
 l - a scroll of teleportation
 r - a scroll of torment {unknown}
Potions
 d - 2 potions of might
 i - 2 potions of haste
 k - 2 potions of invisibility
 m - a potion of degeneration {unknown}
 p - a potion of flight
 q - a potion of heal wounds
 u - 2 potions of brilliance {unknown}


   Skills:
 - Level 5.0 Fighting
 * Level 8.3 Maces & Flails
 - Level 3.2 Armour
 - Level 3.2 Shields


You had 7 spell levels left.
You didn't know any spells.
Your spell library contained the following spells:

 Spells                   Type           Power      Damage    Failure   Level
 Beastly Appendage        Tmut           0%         N/A       75%         1
 Wereblood                Tmut           0%         N/A       86%         2
 Spider Form              Tmut/Pois      0%         N/A       97%         3
 Ice Form                 Ice/Tmut       0%         N/A       100%        4
 Hydra Form               Tmut           0%         N/A       100%        5


Dungeon Overview and Level Annotations

Branches:
Dungeon (5/15)             Temple (1/1) D:4           Sewer (visited)

Altars:
Ashenzari
Fedhas
Gozag
Makhleb
Okawaru
Sif Muna
Vehumet
Xom

Shops:
D:1 [   D:2 (


Innate Abilities, Weirdness & Mutations

You are immune to sickness and miasma.
Your stone body is resilient. (AC +5)
You are immune to poison.
You resist negative energy. (rN+)
You are resistant to electric shocks. (rElec)
You are resistant to unholy torment.
You are immune to petrification.


Message History

The steam dragon is heavily wounded.
The steam dragon breathes steam at you. The ball of steam hits you.
* * * LOW HITPOINT WARNING * * *
You closely miss the steam dragon.
The steam dragon is heavily wounded.
You are engulfed in a cloud of scalding steam.
You block the steam dragon's attack.
The steam dragon claws you but does no damage.
You hit the steam dragon. You drain the steam dragon.
The steam dragon is severely wounded.
You block the steam dragon's attack. The steam dragon claws you.
* * * LOW HITPOINT WARNING * * *
You hit the steam dragon but do no damage.
You drain the steam dragon.
The steam dragon is almost dead.
You block the steam dragon's attack. x2
You closely miss the steam dragon.
The steam dragon is almost dead.
You block the steam dragon's attack. The steam dragon closely misses you.
You closely miss the steam dragon.
The steam dragon is almost dead.
The steam dragon bites you but does no damage.
The steam dragon claws you but does no damage.
You hit the steam dragon but do no damage.
The steam dragon is almost dead.
The steam dragon breathes steam at you. The ball of steam hits you.
* * * LOW HITPOINT WARNING * * *
You hit the steam dragon but do no damage.
The steam dragon is almost dead.
You are engulfed in a cloud of scalding steam.
* * * LOW HITPOINT WARNING * * *
The steam dragon bites you but does no damage.
You block the steam dragon's attack.
You hit the steam dragon.
The steam dragon is almost dead.
The steam dragon breathes steam at you. The ball of steam hits you!
You die...

...<# #+## #..## ..# #..#
#.## ......# #.#######..#
..<...# #.# #....#.##
....D.# #.###.##.#..#
......# ...(.....##.######
.§§...# ...##.##.......§.#
§.§...#
......##....####@##§§§...#
................§D........
..###.####.#.###.##.#.#.##
.## #.# #.......# ... .#
#.# .....#### ##.# .# #.#
....#.. .# ....#..# #


You could see a steam dragon (catching breath, drained).

Vanquished Creatures
  A black bear (D:4)
  2 kobold brigands
  2 howler monkeys
  A centaur skeleton (D:4)
  2 bullfrog skeletons (D:5)
  Jessica (D:3)
  3 iguanas
  Natasha (thrice) (D:2)
  3 orc wizards
  The ghost of iamserjio the Stinger, a weakling GnVM (D:4)
  A river rat (D:4)
  8 adders
  2 ufetubi (D:5)
  An adder skeleton (D:4)
  A dart slug (D:3)
  14 orcs
  9 ball pythons
  3 endoplasms
  2 giant cockroaches
  7 goblins
  6 hobgoblins
  9 jackals
  5 quokkas
  3 bats
  2 frilled lizards
  14 kobolds
  8 rats
114 creatures vanquished.

Notes
Turn   | Place    | Note
-------+----------+-------------------------------------------
     0 | D:1      | Delamore the Gargoyle Fighter began the quest for the Orb.
     0 | D:1      | Reached XP level 1. HP: 14/14 MP: 1/1
   207 | D:1      | Reached XP level 2. HP: 11/19 MP: 2/2
   855 | D:1      | Found Etyigram's Antique Armour Boutique.
  1205 | D:2      | Found Ginu's Antique Weapon Boutique.
  1336 | D:2      | Found a faded altar of an unknown god.
  1498 | D:2      | Noticed Natasha
  1503 | D:2      | Noticed a crimson imp
  1505 | D:2      | Killed Natasha
  1506 | D:2      | Reached skill level 3 in Maces & Flails
  1506 | D:2      | Reached XP level 3. HP: 8/24 MP: 3/3
  1830 | D:2      | Noticed Natasha
  1837 | D:2      | Killed Natasha
  1838 | D:2      | Reached XP level 4. HP: 23/29 MP: 4/4
  1943 | D:2      | Noticed Natasha
  1958 | D:2      | Killed Natasha
  1959 | D:2      | Reached skill level 4 in Maces & Flails
  2686 | D:3      | Noticed Jessica
  2694 | D:3      | Killed Jessica
  2695 | D:3      | Reached XP level 5. HP: 25/34 MP: 5/5
  3384 | D:3      | Reached skill level 5 in Maces & Flails
  3384 | D:3      | Reached XP level 6. HP: 3/40 MP: 6/6
  3385 | D:3      | HP: 2/40 [orc/+0 dagger of speed (1)]
  4217 | D:3      | Reached skill level 5 in Fighting
  4923 | D:4      | Found a staircase to the Ecumenical Temple.
  4937 | Temple   | Entered the Ecumenical Temple
  4975 | Temple   | Became a worshipper of Warmaster Okawaru
  5228 | D:4      | Found a glowing drain.
  5237 | Sewer    | Entered a sewer
  5395 | Sewer    | Reached skill level 6 in Maces & Flails
  5449 | Sewer    | Found a white marble altar of Elyvilon.
  5575 | D:4      | Reached XP level 7. HP: 44/44 MP: 7/7
  5638 | D:4      | Found a runed translucent gate.
  5639 | D:4      | Found a runed translucent gate.
  5639 | D:4      | Noticed iamserjio's ghost (weakling GnVM)
  5640 | D:4      | Found a runed translucent gate.
  5774 | D:4      | Killed iamserjio's ghost
  5927 | D:4      | Reached skill level 7 in Maces & Flails
  5936 | D:4      | Reached * piety under Okawaru
  6655 | D:5      | Entered Level 5 of the Dungeon
  6727 | D:5      | Reached skill level 8 in Maces & Flails
  6840 | D:5      | Reached XP level 8. HP: 44/49 MP: 8/8
  6961 | D:5      | Killed from afar by a steam dragon

Illustrated notes

Levels and vault maps discovered:
D:1:      dpeg_arrival_windows_large_door, layout_basic, serial_shops,
          shop_statue
D:2:      layout_loops_corners, chequers_ecumenical_altar_lobes, serial_shops,
          nicolae_shop_overgrown_old_shop, minmay_misc_feat_rows, uniq_natasha
D:3:      layout_basic, uniq_jessica
D:4:      layout_gridville, minmay_temple_entry_arrows,
          gammafunk_ghost_nasty_kobolds, gup_sewer_entry_bowl
D:5:      layout_basic, kennysheep_little_box, serial_shops, shop
Temple:   minmay_crystal_spiral_temple

Skill      XL: |  1  2  3  4  5  6  7 |
---------------+----------------------+-----
Maces & Flails | 3 4 5 6 8 |  8.3
Fighting       | 4 5 |  5.0
Armour         | |  3.2
Shields        | |  3.2

Action                   |  1- 3 |  4- 6 |  7- 9 || total
-------------------------+-------+-------+-------++-------
Melee: Flail             |    55 |   346 |    31 ||   432
       Whip              |       |       |   134 ||   134
Throw: Dart              |       |       |     4 ||     4
  Use: Scroll            |       |     7 |     1 ||     8
       Potion            |       |     3 |       ||     3
Armor: Scale mail        |    15 |   207 |    83 ||   305
Dodge: Dodged            |    13 |    98 |    50 ||   161
Block: Kite shield       |    21 |   147 |    81 ||   249

Table legend: (Time is in decaauts)
 A = Elapsed time spent in this place.
 B = Non-inter-level travel time spent in this place.
 C = Inter-level travel time spent in this place.
 D = Time resting spent in this place.
 E = Time spent auto-exploring this place.
 F = Levels seen in this place.
 G = Mean time per level.
                   A        B        C        D        E       F      G
               +--------+--------+--------+--------+--------+-----+--------+
         Total |   7177 |   6983 |    194 |   1626 |   3998 |   7 | 1025.3 |
       Dungeon |   6787 |   6629 |    158 |   1548 |   3857 |   5 | 1357.4 |
        Temple |     75 |     39 |     36 |      0 |      0 |   1 |   75.0 |
         Sewer |    314 |    314 |      0 |     78 |    140 |   1 |  314.0 |
               +--------+--------+--------+--------+--------+-----+--------+

Top non-repeatable levels by time:
     D:2: 2339 daAuts
     D:3: 1534 daAuts
     D:4: 1390 daAuts
     D:1: 1221 daAuts
   Sewer: 314 daAuts
     D:5: 301 daAuts
  Temple: 75 daAuts
